 Dungeon Crawl Stone Soup version 0.29-a0-791-ga0f254aafb (webtiles) character file.

Game seed: 457506736301230424

39 Malachi the Sneak (level 3, -10/27 HPs)
             Began as a Demonspawn Brigand on July 3, 2022.
             Was a Believer of Nemelex Xobeh.
             Mangled by Terence
             ... wielding a +0 flail
              (11 damage)
             ... on level 2 of the Dungeon.
             The game lasted 00:02:55 (2280 turns).

Malachi the Sneak (Demonspawn Brigand)              Turns: 2280, Time: 00:02:56

Health: -10/27     AC:  3    Str: 11    XL:     3   Next: 26%
Magic:  3/3        EV: 11    Int: 12    God:    Nemelex Xobeh [**....]
Gold:   66         SH:  0    Dex: 16    Spells: 2/2 levels left

rFire   . . .      SeeInvis .   a - +2 dagger
rCold   . . .      Faith    .   k - orb {mayhem}
rNeg    . . .      Spirit   .   b - +0 robe
rPois   .          Reflect  .   (no helmet)
rElec   .          Harm     .   c - +0 cloak
rCorr   .          Rampage  .   (no gloves)
Will    .....                   (no boots)
Stlth   +++.......              (no amulet)
HPRegen 0.09/turn               i - ring of flight
MPRegen 0.08/turn               (no ring)

@: flying
A: claws 1
a: Renounce Religion, Draw Escape, Draw Destruction, Draw Summoning


You were on level 2 of the Dungeon.
You worshipped Nemelex Xobeh.
Nemelex Xobeh was pleased with you.
You visited 1 branch of the dungeon, and saw 2 of its levels.

You collected 66 gold pieces.

Inventory:

Hand Weapons
 a - a +2 dagger (weapon)
Missiles
 d - 14 poisoned darts (quivered)
 e - 3 curare-tipped darts
Armour
 b - a +0 robe (worn)
 c - a +0 cloak (worn)
 k - an orb of mayhem (worn)
Jewellery
 i - a ring of flight (left claw)
Scrolls
 f - a scroll of enchant weapon {unknown}
 g - 2 scrolls of identify {unknown}
 j - 3 scrolls of teleportation {unknown}
 l - 3 scrolls of amnesia {unknown}
Potions
 h - a potion of experience {unknown}


   Skills:
 - Level 2.0 Fighting
 + Level 3.4 Short Blades
 - Level 1.7 Throwing
 - Level 0.8 Dodging
 - Level 3.6 Stealth


You had 2 spell levels left.
You didn't know any spells.
Your spell library was empty.

Dungeon Overview and Level Annotations

Branches:
Dungeon (2/15)

Altars:
Nemelex Xobeh
Trog

Shops:
D:1 (!:

Annotations:
D:2 Terence


Innate Abilities, Weirdness & Mutations

You have sharp fingernails.


Message History

There is an open door here.
There is an open door here.
There is a stone staircase leading down here.
Nemelex Xobeh deals you some cards!
You now have 3 escape cards, 10 destruction cards and 8 summoning cards.
Okay, then.
Unknown command.
Found a stone staircase leading down.
Found a ring mail.
Found a chain mail.
Found a stone staircase leading down.
Found a bloodstained altar of Trog.
d - 14 poisoned darts (gained 2)
Found 4 stones.
Found a ring mail.
You see here 4 stones.
A goblin comes into view. It is wielding a +0 club.
A goblin is nearby!
The goblin shouts!
You hit the goblin.
You kill the goblin!
No target in view!
Things that are here:
a +0 club; a goblin corpse You see here a +0 falchion.
Terence the Incautious comes into view.
He is wielding a +0 flail.
Terence is nearby!
You hit Terence but do no damage. Terence misses you.
You closely miss Terence. Terence hits you with a +0 flail!
You hit Terence.
Terence is lightly wounded.
Terence hits you with a +0 flail!
* * * LOW HITPOINT WARNING * * *
You draw a card...
You have drawn Wild Magic.
Terence looks rather nauseous for a moment.
You feel a surge of magic. Terence hits you with a +0 flail!
* * * LOW HITPOINT WARNING * * *
Terence shouts, "Now you die!" Terence attacks as you move away!
Terence hits you with a +0 flail!
You die...
Your body glows slightly and disappears.

#.# ##†...##.#.
#.# #..####... #.#
#.)######. #.#
#.....g...
#.#####.######.
#...)..........
#########.########
#.................
#@#######.........
#@# #...........
#.# #...........
#.# ###..#######
#.# #......... #.#
#..#...... #.#
#......... #.#
#..#.#.### #.#
#..#......


You could see Terence.

Vanquished Creatures
  A worm (D:2)
  A dart slug (D:1)
  5 ball pythons
  2 endoplasms (D:1)
  A giant cockroach (D:2)
  5 goblins
  2 hobgoblins (D:1)
  3 jackals (D:1)
  3 quokkas
  2 bats
  3 frilled lizards
  A kobold (D:1)
  4 rats
33 creatures vanquished.

Notes
Turn   | Place    | Note
-------+----------+-------------------------------------------
     0 | D:1      | Malachi the Demonspawn Brigand began the quest for the Orb.
     0 | D:1      | Reached XP level 1. HP: 16/16 MP: 1/1
    29 | D:1      | Found Xelaix's Book Emporium.
   165 | D:1      | Found Hemmaeso's Weapon Shoppe.
   195 | D:1      | Gained mutation: You have sharp fingernails. [demonic
                  | ancestry]
   195 | D:1      | Reached XP level 2. HP: 4/22 MP: 2/2
   548 | D:1      | Found Erueli's Distillery.
  1083 | D:1      | Found a faded altar of an unknown god.
  1413 | D:1      | Prayed at the altar of an unknown god.
  1413 | D:1      | Became a worshipper of Nemelex Xobeh the Trickster
  1413 | D:1      | Reached * piety under Nemelex Xobeh
  1413 | D:1      | Received a gift from Nemelex Xobeh
  1439 | D:2      | Reached XP level 3. HP: 27/27 MP: 3/3
  1752 | D:2      | Reached ** piety under Nemelex Xobeh
  2016 | D:2      | Received a gift from Nemelex Xobeh
  2122 | D:2      | Found a bloodstained altar of Trog.
  2272 | D:2      | Noticed Terence
  2278 | D:2      | HP: 1/27 [Terence/+0 flail (7)]
  2280 | D:2      | Mangled by Terence

Illustrated notes

Levels and vault maps discovered:
D:1:      minmay_arrival_diagonal_passages, layout_basic,
          ebering_ecumenical_altar_rust, serial_shops,
          nicolae_shop_bloodbath_and_beyond, shop, nicolae_square_shop
D:2:      layout_basic, basic_altar, uniq_terence

Skill      XL: |  1  2 |
---------------+-------+-----
Short Blades   | 2 3 |  3.4
Fighting       | |  2.0
Throwing       | |  1.7
Dodging        | |  0.8
Stealth        | |  3.6

Action                   || total
-------------------------++-------
Melee: Dagger            ||   102
       Punch             ||     1
Invok: Draw Destruction  ||     1
 Stab: Sleeping          ||     8
       Distracted        ||     1
Armor: Robe              ||    22
Dodge: Dodged            ||    66

Table legend: (Time is in decaauts)
 A = Elapsed time spent in this place.
 B = Non-inter-level travel time spent in this place.
 C = Inter-level travel time spent in this place.
 D = Time resting spent in this place.
 E = Time spent auto-exploring this place.
 F = Levels seen in this place.
 G = Mean time per level.
                   A        B        C        D        E       F      G
               +--------+--------+--------+--------+--------+-----+--------+
         Total |   2265 |   2226 |     39 |    164 |   1777 |   2 | 1132.5 |
       Dungeon |   2265 |   2226 |     39 |    164 |   1777 |   2 | 1132.5 |
               +--------+--------+--------+--------+--------+-----+--------+

Top non-repeatable levels by time:
     D:1: 1421 daAuts
     D:2: 844 daAuts
